 Dungeon Crawl Stone Soup version 0.29-a0-901-g46a8461d6a (webtiles) character file.

Game seed: 10425737551292966545

9051 gruber the Destroyer (level 11, -12/95 HPs)
             Began as a Pale Draconian Conjurer on July 23, 2022.
             Was a Believer of Vehumet.
             Mangled by a death yak (14 damage)
             ... on level 10 of the Dungeon.
             The game lasted 00:18:21 (14120 turns).

gruber the Destroyer (Pale Draconian Conjurer)     Turns: 14120, Time: 00:18:22

Health: -12/95     AC:  7    Str: 14    XL:     11   Next: 18%
Magic:  0/18       EV: 16    Int: 22    God:    Vehumet [**....]
Gold:   778        SH:  0    Dex: 10    Spells: 9/20 levels left

rFire   + . .      SeeInvis .   q - +7 rapier of Zin's Outrage {flame, rElec rN+ Str+4}
rCold   . . .      Faith    .   (no shield)
rNeg    + . .      Spirit   .   (body armour unavailable)
rPois   .          Reflect  .   (helmet restricted)
rElec   +          Harm     .   (no cloak)
rCorr   .          Rampage  .   (no gloves)
Will    .....                   (no boots)
Stlth   ++........              (no amulet)
HPRegen 0.25/turn               w - ring of protection from fire
MPRegen 0.16/turn               A - +4 ring of evasion

@: no status effects
A: breathe steam, AC +7, unfitting armour, cold-blooded, steam resistance
a: Breathe Steam, Renounce Religion


You were on level 10 of the Dungeon.
You worshipped Vehumet.
Vehumet was pleased with you.
You visited 2 branches of the dungeon, and saw 11 of its levels.
You also visited: Ossuary.

You collected 778 gold pieces.

Inventory:

Hand Weapons
 q - the +7 rapier of Zin's Outrage (weapon) {flame, rElec rN+ Str+4}
   (You found it on level 4 of the Dungeon)

   It burns those it strikes, dealing additional fire damage.
   Str:       It affects your strength (+4).
   rElec:     It insulates you from electricity.
   rN:        It protects you from negative energy.
 y - a +2 flail of holy wrath
Missiles
 k - 4 throwing nets
 B - a curare-tipped dart
Jewellery
 w - a ring of protection from fire (left hand)
 A - a +4 ring of evasion (right hand)
 I - an amulet of faith
 J - a ring of fire
Wands
 p - a wand of roots (5)
 z - a wand of charming (19)
 D - a wand of quicksilver (8)
 E - a wand of flame (17)
Scrolls
 b - a scroll of butterflies {unknown}
 c - 10 scrolls of teleportation {unknown}
 d - a scroll of enchant weapon {unknown}
 e - 8 scrolls of identify {unknown}
 i - a scroll of amnesia {unknown}
 m - 3 scrolls of poison {unknown}
 n - 2 scrolls of blinking {unknown}
 s - a scroll of enchant armour {unknown}
 t - 3 scrolls of noise {unknown}
 v - 3 scrolls of fear {unknown}
 x - 6 scrolls of magic mapping {unknown}
 C - 2 scrolls of vulnerability {unknown}
 G - a scroll of silence {unknown}
 H - a scroll of immolation {unknown}
Potions
 a - 2 potions of magic
 f - 4 potions of haste
 g - 3 potions of mutation {unknown}
 h - 2 potions of might
 j - 4 potions of degeneration
 l - 2 potions of heal wounds {unknown}
 o - a potion of lignification {unknown}
 r - 3 potions of curing
 u - 2 potions of flight {unknown}
 F - a potion of ambrosia {unknown}


   Skills:
 - Level 8.6 Fighting
 - Level 7.1 Short Blades
 - Level 0.3(0.4) Axes
 - Level 0.3(0.5) Polearms
 - Level 0.2(0.4) Staves
 - Level 0.2 Ranged Weapons
 - Level 1.7 Dodging
 - Level 1.7 Stealth
 - Level 0.3 Shields
 - Level 5.1 Spellcasting
 * Level 10.8 Conjurations
 - Level 5.2 Hexes
 - Level 0.5 Summonings
 - Level 0.3 Necromancy
 - Level 0.2 Translocations
 - Level 0.3 Transmutations
 - Level 5.0 Fire Magic
 - Level 0.3 Ice Magic
 - Level 0.2 Air Magic
 - Level 0.3 Earth Magic
 - Level 0.2 Poison Magic
 - Level 0.2 Invocations
 - Level 0.2 Evocations


You had 9 spell levels left.
You knew the following spells:

 Your Spells              Type           Power      Damage    Failure   Level
a - Magic Dart            Conj           100%       1d8       1%          1
b - Searing Ray           Conj           100%       2d8       1%          2
c - Sticky Flame          Conj/Fire      40%        2d6       3%          4
d - Fulminant Prism       Conj/Hex       20%        3d13      3%          4

Your spell library contained the following spells:

 Spells                   Type           Power      Damage    Failure   Level
 Shock                    Conj/Air       100%       1d9       1%          1
 Static Discharge         Conj/Air       30%        3-7/arc   1%          2
 Dazzling Flash           Conj/Hex       82%        N/A       1%          3
 Mephitic Cloud           Conj/Pois/Air  22%        N/A       6%          3
 Necrotise                Necr           28%        1d5       9%          1
 Iskenderun's Mystic Bla  Conj/Tloc      30%        2d8       10%         4
 Call Imp                 Summ           7%         N/A       12%         2
 Poisonous Vapours        Pois/Air       12%        N/A       14%         2
 Frozen Ramparts          Ice            14%        1d3       26%         3
 Vampiric Draining        Necr           7%         2d6       26%         3
 Starburst                Conj/Fire      20%        6d7       52%         6
 Dispel Undead            Necr           7%         3d8       63%         4
 Summon Ice Beast         Ice/Summ       7%         N/A       63%         4
 Corpse Rot               Necr/Pois/Air  6%         N/A       65%         4
 Ice Form                 Ice/Tmut       7%         N/A       65%         4
 Agony                    Necr           7%         N/A       93%         5


Dungeon Overview and Level Annotations

Branches:
Dungeon (10/15)            Temple (1/1) D:6         Ossuary (visited)
   Lair: D:8-11         Orc: D:9-12

Altars:
Ashenzari
Cheibriados
Dithmenos
Elyvilon
Fedhas
Gozag
Hepliaklqana
Kikubaaqudgha
Makhleb
Nemelex Xobeh
Okawaru
Qazlal
Ru
Sif Muna
Trog
Uskayaw
Vehumet
Wu Jian
Xom
Yredelemnul
Zin
The Shining One

Shops:
D:3 [   D:4 [   D:6 ?

Annotations:
D:5 3 runed translucent doors, MoonlitKnight's ghost, amateur DECj; Shym's ghost, amateur GrEE; Tonnatak's ghost, novice GrWn; qborf's ghost, novice FoCK


Innate Abilities, Weirdness & Mutations

You can breathe blasts of scalding, opaque steam.
Your pale cyan-grey scales are hard. (AC +7)
You cannot fit into any form of body armour.
You are cold-blooded and may be slowed by cold attacks.
You are immune to the effects of steam.


Message History

(Press . to maintain the ray.)
The death yak gores you!
Unknown command.
The searing ray hits the death yak.
The death yak is severely wounded.
The death yak gores you!
* * * LOW HITPOINT WARNING * * *
The searing ray hits the death yak!
The death yak is almost dead.
The death yak gores you!!
* * * LOW HITPOINT WARNING * * *
The searing ray hits the death yak.
The death yak is almost dead.
You finish channelling your searing ray.
You have got your breath back.
The death yak gores you but does no damage.
Unknown command.
Unknown command.
Casting: Searing Ray (safe; 1% risk of failure)
Confirm with . or Enter, or press ? or * to list all spells.
Aiming: Searing Ray (safe; 1% risk of failure)
Press: ? - help, Shift-Dir - straight line, f/p - death yak
Aim: a death yak (almost dead, 94% to hit)
The searing ray hits the death yak.
The death yak is almost dead. (Press . to maintain the ray.)
The death yak gores you.
* * * LOW HITPOINT WARNING * * *
The searing ray hits the death yak.
The death yak is almost dead.
The death yak gores you but does no damage.
Unknown command.
Unknown command.
Without enough magic to sustain it, your searing ray dissipates.
The death yak closely misses you.
Unknown command.
Unknown command.
Unknown command.
The death yak gores you!
You die...

..........#
..........#
..........#
#######.### #..#
####.## #....# .y.
#####.#### ....
###@....#
....######.Y.#.###
...Y....##.#.#...#
.(......##.#.###^#
........##.#.# ...
........##.#.#
.###
........'..#.# .#
........###### ##
..?.....#


You could see a death yak.

Vanquished Creatures
  Harold (D:9)
  2 two-headed ogres
  Pikel (D:7)
  Maggie (D:8)
  Prince Ribbit (D:8)
  A hornet (D:7)
  A shadow (D:9)
  A wyvern (D:9)
  A yak (D:9)
  A vampire (D:9)
  A steam dragon (D:5)
  A vampire mosquito (D:10)
  Menkaure (D:4)
  Edmund (D:4)
  2 water moccasins (D:8)
  7 orc warriors
  2 black bears
  A sky beast (D:7)
  2 ice beasts
  An ogre (D:5)
  3 centaurs
  2 lemures
  A phantom (D:5)
  An elf zombie (Ossuary)
  3 kobold brigands
  A bullfrog (D:8)
  A necrophage (D:6)
  3 gnoll sergeants
  3 scorpions
  12 wights
  15 killer bees
  A howler monkey (D:4)
  6 hounds
  4 orc priests
  2 iguanas
  11 orc wizards
  A hound zombie (Ossuary)
  4 mummies (Ossuary)
  4 adders
  19 gnolls
  A shadow imp (D:7)
  2 worms (D:3)
  A dart slug (D:3)
  32 orcs
  6 bats
  5 endoplasms
  3 giant cockroaches
  3 goblins
  6 hobgoblins
  2 jackals (D:4)
  21 kobolds
  4 quokkas
  5 ball pythons
  A frilled lizard (D:2)
  A gnoll zombie (Ossuary)
  2 hobgoblin zombies (Ossuary)
  A jackal zombie (Ossuary)
  4 orc zombies (Ossuary)
  A rat (D:3)
  2 rat zombies (Ossuary)
230 creatures vanquished.

Vanquished Creatures (others)
  Psyche (D:9)
  6 fulminant prisms
  27 plants (D:5)
  2 withered plants (D:5)
36 creatures vanquished.

Grand Total: 266 creatures vanquished

Notes
Turn   | Place    | Note
-------+----------+-------------------------------------------
     0 | D:1      | gruber the Draconian Conjurer began the quest for the Orb.
     0 | D:1      | Reached XP level 1. HP: 14/14 MP: 3/3
   441 | D:1      | Reached XP level 2. HP: 16/20 MP: 1/5
   647 | D:1      | Found a faded altar of an unknown god.
  1217 | D:1      | Learned a level 2 spell: Searing Ray
  1223 | D:2      | Reached XP level 3. HP: 13/26 MP: 0/6
  1381 | D:2      | Reached skill level 5 in Conjurations
  1866 | D:2      | Reached XP level 4. HP: 33/33 MP: 3/7
  1942 | D:2      | Found a sacrificial altar of Ru.
  2471 | D:3      | Found a glowing silver altar of Zin.
  2509 | D:3      | Found an ornate altar of the Wu Jian Council.
  2686 | D:3      | Noticed a centaur
  2691 | D:3      | Killed a centaur
  2692 | D:3      | Reached skill level 6 in Conjurations
  2692 | D:3      | Reached XP level 5. HP: 14/38 MP: 3/9
  2893 | D:3      | Found Webiats's Armour Boutique.
  3426 | D:4      | Noticed Edmund
  3446 | D:4      | Learned a level 4 spell: Sticky Flame
  3480 | D:4      | Killed Edmund
  3481 | D:4      | Reached XP level 6. HP: 20/45 MP: 1/11
  3678 | D:4      | Reached skill level 7 in Conjurations
  3861 | D:4      | Noticed Menkaure
  3867 | D:4      | Killed Menkaure
  3868 | D:4      | Your scales start taking on a pale cyan-grey colour.
  3868 | D:4      | Reached XP level 7. HP: 14/50 MP: 4/13
  3868 | D:4      | Gained mutation: You are immune to the effects of steam.
                  | [Pale Draconian growth]
  4097 | D:4      | Found a hide-covered altar of Uskayaw.
  4443 | D:4      | Found Josi's Armour Emporium.
  4811 | D:4      | Identified the +7 rapier of Zin's Outrage {flame, rElec rN+
                  | Str+4}
  5074 | D:5      | Entered Level 5 of the Dungeon
  5174 | D:5      | Noticed a steam dragon
  5182 | D:5      | Killed a steam dragon
  5183 | D:5      | Reached skill level 5 in Spellcasting
  5183 | D:5      | Reached skill level 8 in Conjurations
  5286 | D:5      | Reached XP level 8. HP: 57/57 MP: 12/15
  5286 | D:5      | Found a sand-covered staircase.
  5290 | Ossuary  | Entered an ossuary
  5317 | Ossuary  | Reached skill level 9 in Conjurations
  5473 | Ossuary  | Reached skill level 1 in Fire Magic
  5903 | D:5      | Found a runed translucent gate.
  5904 | D:5      | Found a runed translucent gate.
  5905 | D:5      | Found a runed translucent gate.
  5996 | D:5      | Noticed qborf's ghost (novice FoCK)
  5997 | D:5      | Noticed Tonnatak's ghost (novice GrWn)
  5997 | D:5      | Noticed MoonlitKnight's ghost (amateur DECj)
  5997 | D:5      | Noticed Shym's ghost (amateur GrEE)
  6093 | D:5      | Reached skill level 5 in Fire Magic
  6250 | D:5      | Reached skill level 1 in Short Blades
  7254 | D:6      | Found Ybadenacs's Magic Scroll Shoppe.
  7373 | D:6      | Found a staircase to the Ecumenical Temple.
  7464 | D:6      | Reached XP level 9. HP: 37/62 MP: 5/16
  7617 | D:6      | Reached skill level 5 in Short Blades
  7950 | Temple   | Entered the Ecumenical Temple
  8017 | Temple   | Became a worshipper of Vehumet
  8054 | D:7      | Noticed Pikel
  8288 | D:7      | Killed Pikel
  8447 | D:7      | Paralysed by a hornet for 2 turns
  8923 | D:7      | Reached skill level 5 in Fighting
  9511 | D:7      | Found a burning altar of Makhleb.
  9764 | D:8      | Reached * piety under Vehumet
  9764 | D:8      | Offered knowledge of Foxfire by Vehumet.
  9826 | D:8      | Noticed a two-headed ogre
  9851 | D:8      | Noticed Maggie
  9879 | D:8      | Killed a two-headed ogre
  9880 | D:8      | Reached XP level 10. HP: 88/88 MP: 10/17
  9980 | D:8      | Killed Maggie
 10134 | D:8      | Noticed Prince Ribbit
 10145 | D:8      | Killed Prince Ribbit
 10236 | D:8      | Found a white marble altar of Elyvilon.
 10266 | D:8      | Found a shimmering altar of Xom.
 10269 | D:8      | Found a shimmering altar of Xom.
 10271 | D:8      | Found a shimmering altar of Xom.
 10272 | D:8      | Found a shimmering altar of Xom.
 10329 | D:8      | Found an ancient bone altar of Kikubaaqudgha.
 10330 | D:8      | Found a shadowy altar of Dithmenos.
 10336 | D:8      | Learned a level 4 spell: Fulminant Prism
 10336 | D:8      | Found a bloodstained altar of Trog.
 10990 | D:8      | Reached skill level 1 in Hexes
 11778 | D:8      | Reached ** piety under Vehumet
 12078 | D:9      | Offered knowledge of Shock by Vehumet.
 12807 | D:9      | Reached skill level 5 in Hexes
 12837 | D:10     | Entered Level 10 of the Dungeon
 13306 | D:9      | Found a sparkling altar of Nemelex Xobeh.
 13330 | D:9      | Found a glowing golden altar of the Shining One.
 13330 | D:9      | Noticed a two-headed ogre
 13336 | D:9      | Killed a two-headed ogre
 13409 | D:9      | Reached XP level 11. HP: 86/95 MP: 15/18
 13459 | D:9      | Found a basalt altar of Yredelemnul.
 13507 | D:9      | Reached skill level 10 in Conjurations
 13536 | D:9      | Noticed Psyche
 13537 | D:9      | Noticed Harold
 13549 | D:9      | Killed Psyche
 13564 | D:9      | Killed Harold
 14090 | D:10     | Noticed a death yak
 14115 | D:10     | HP: 3/95 [death yak (22)]
 14117 | D:10     | HP: 1/95 [death yak (2)]
 14120 | D:10     | Mangled by a death yak

Illustrated notes

Levels and vault maps discovered:
D:1:      minmay_arrival_arboretum_large, layout_basic,
          ebering_ecumenical_altar_rust
D:2:      layout_loops_ring, basic_altar, minmay_split_cup_small
D:3:      layout_basic, zin_treasury, nicolae_wu_jian_glorious_leap,
          serial_shops, nicolae_shop_statue_plus
D:4:      layout_loops_ring, mainiacjoe_overflow_concentric_impassable,
          serial_shops, nicolae_diamond_shop, kennysheep_another_room,
          uniq_menkaure, uniq_edmund
D:5:      layout_loops_ring, enter_ossuary_5, serial_bayou, serial_bayou_pond_d,
          serial_bayou_pond_c, serial_bayou_crossing, gammafunk_ghost_cemetery
D:6:      layout_loops_ring, temple_hall, serial_shops, nicolae_shop_stone
D:7:      layout_loops_corners, lemuel_coloured_pillars_altar, uniq_pikel
D:8:      layout_gridville, chequers_temple_overflow_statue_of_worship,
          xom_redecorated, elyvilon_altar_5, uniq_prince_ribbit1, uniq_maggie
D:9:      layout_big_octagon, mainiacjoe_overflow_tiny_flanked,
          jmf_multi_god_temple, grunt_decor_resistance, uniq_psyche, uniq_harold
D:10:     layout_roguey, dpeg_lair_monsters, enter_bailey_4
Temple:   nicolae_temple_two_arcs

Skill      XL: |  1  2  3  4  5  6  7  8  9 10 11 |
---------------+----------------------------------+-----
Conjurations   | 5 6 7 8 9 10 | 10.8
Spellcasting   | 3 4 5 |  5.1
Fire Magic     | 5 |  5.0
Short Blades   | 4 7 |  7.1
Fighting       | 7 8 |  8.6
Hexes          | 5 |  5.2
Axes           | |  0.3
Polearms       | |  0.3
Staves         | |  0.2
Ranged Weapons | |  0.2
Dodging        | |  1.7
Stealth        | |  1.7
Shields        | |  0.3
Summonings     | |  0.5
Necromancy     | |  0.3
Translocations | |  0.2
Transmutations | |  0.3
Ice Magic      | |  0.3
Air Magic      | |  0.2
Earth Magic    | |  0.3
Poison Magic   | |  0.2
Invocations    | |  0.2
Evocations     | |  0.2

Action                   |  1- 3 |  4- 6 |  7- 9 | 10-12 || total
-------------------------+-------+-------+-------+-------++-------
Melee: Unarmed           |    26 |       |       |       ||    26
       Tailslap          |     3 |     9 |    17 |     6 ||    35
       Short sword       |     5 |    15 |     6 |       ||    26
       Rapier            |       |     7 |   107 |    61 ||   175
       Flail             |       |     6 |    23 |       ||    29
       Punch             |       |       |     1 |       ||     1
 Cast: Magic Dart        |    42 |    30 |     9 |    39 ||   120
       Searing Ray       |     2 |     8 |    45 |    50 ||   105
       Sticky Flame      |       |     1 |       |     2 ||     3
       Fulminant Prism   |       |       |       |     6 ||     6
 Abil: Breathe Steam     |       |       |    10 |    15 ||    25
Evoke: Wand              |       |     4 |     1 |     4 ||     9
  Use: Potion            |       |       |       |     3 ||     3
 Stab: Sleeping          |       |     1 |     1 |       ||     2
       Distracted        |       |       |     1 |       ||     1
Armor: Skin              |    35 |    12 |    58 |    48 ||   153
Dodge: Dodged            |    44 |    33 |   124 |    97 ||   298

Table legend: (Time is in decaauts)
 A = Elapsed time spent in this place.
 B = Non-inter-level travel time spent in this place.
 C = Inter-level travel time spent in this place.
 D = Time resting spent in this place.
 E = Time spent auto-exploring this place.
 F = Levels seen in this place.
 G = Mean time per level.
                   A        B        C        D        E       F      G
               +--------+--------+--------+--------+--------+-----+--------+
         Total |  14136 |  13759 |    377 |    413 |  11644 |  12 | 1178.0 |
       Dungeon |  13658 |  13292 |    366 |    413 |  11300 |  10 | 1365.8 |
        Temple |     77 |     67 |     10 |      0 |     50 |   1 |   77.0 |
       Ossuary |    399 |    399 |      0 |      0 |    294 |   1 |  399.0 |
               +--------+--------+--------+--------+--------+-----+--------+

Top non-repeatable levels by time:
     D:8: 2254 daAuts
     D:9: 1759 daAuts
     D:4: 1677 daAuts
     D:7: 1614 daAuts
     D:6: 1375 daAuts
     D:1: 1368 daAuts
     D:5: 1238 daAuts
     D:3: 1219 daAuts
     D:2: 825 daAuts
 Ossuary: 399 daAuts
    D:10: 326 daAuts
  Temple: 77 daAuts
